cohdb
Replays
Latest Replays
All Replays
Popular Replays
Top Player Replays
Match Explorer
How It Works
Community
CoH3 Stats
Reddit
Sign in to upload your games and track your stats! →
Sign in with Steam
Match 40569810
Unlisted
Match 40569810
Overview
Messages
Build Orders
End
Panzergrenadier Squad
Selects Italian Infantry
Panzergrenadier Squad
Construct Light Support Kompanie
MG34 Team
Selects Guastatori Squad
Guastatori Squad
Fire Support Elements
Flakvierling Half-track
Guastatori Squad
Pak 38 Anti-tank Gun Team
2.5-tonne Medical Truck
Selects Registered Artillery
Selects Sound the Alarm
Selects Prepared Positions
fluffysaurus
truefury
Unsafe
marcinlab
Soldado Ryan
WhatTheHell
0
0
Comments
sign in to comment!
No comments posted yet!